[Event "EYCC 2017"]
[Site "Mamaia"]
[Date "2017.09.07"]
[Round "3"]
[White "Pultinevicius, Paulius"]
[Black "Tryggestad, Andreas Garberg"]
[Result "1-0"]
[ECO "A05"]
[WhiteElo "2381"]
[BlackElo "2302"]
[Annotator "NA"]
[PlyCount "75"]
[EventDate "2017.??.??"]
[EventType "swiss"]
[EventCountry "ROU"]
[SourceTitle "playchess.com"]
[Source "ChessBase"]
[SourceQuality "1"]
[TimeControl "40/5400+30:1800+30"]

1. Nf3 Nf6 2. c4 c6 3. d4 g6 4. Nc3 d5 5. e3 Bg7 6. Be2 O-O 7. O-O a6 8. a4 Be6 9. Qb3 Qc7 10. Ng5 Bg4 11. f3 Bd7 12. f4 h6 13. Nf3 Be6 14. Bd2 Nbd7 15. a5 Rfb8 16. Rfc1 b5 17. cxd5 cxd5 18. Ne5 Qb7 19. Be1 Ne4 20. Na2 Rc8 21. Bf3 Nxe5 22. fxe5 Rxc1 23. Rxc1 Rc8 24. Rxc8+ Qxc8 25. Bb4 Bf8 26. h3 Qc6 27. Bc3 Qc7 28. Bxe4 dxe4 29. d5 Bc8 30. Qb4 Bb7 31. Qd4 Qd8 32. Nb4 Qxa5 33. e6 f6 34. d6 Qd8 35. d7 a5 36. Nd5 b4 37. Qb6 bxc3 38. Qxd8 1-0

[Event "EYCC 2017"]
[Site "Mamaia"]
[Date "2017.09.07"]
[Round "3"]
[White "Macovei, Andrei"]
[Black "Yayloyan, Konstantin"]
[Result "0-1"]
[ECO "B56"]
[WhiteElo "2363"]
[BlackElo "2142"]
[Annotator "NA"]
[PlyCount "72"]
[EventDate "2017.??.??"]
[EventType "swiss"]
[EventCountry "ROU"]
[SourceTitle "playchess.com"]
[Source "ChessBase"]
[SourceQuality "1"]
[TimeControl "40/5400+30:1800+30"]

1. e4 c5 2. Nf3 d6 3. d4 cxd4 4. Nxd4 Nf6 5. Nc3 Bd7 6. Bg5 e6 7. Ndb5 Bc6 8. Bxf6 gxf6 9. Qh5 a6 10. Nd4 Bd7 11. O-O-O Nc6 12. Nb3 b5 13. f4 b4 14. Ne2 a5 15. f5 e5 16. Ng3 Be7 17. Bc4 Rf8 18. Qh6 a4 19. Nh5 Qc7 20. Nd2 Nd4 21. Kb1 Bb5 22. Bxb5+ Nxb5 23. Qe3 a3 24. Qd3 Qc6 25. Qd5 Qa6 26. Nc4 axb2 27. Nxf6+ Kd8 28. Kxb2 Bxf6 29. a4 bxa3+ 30. Ka1 Ke7 31. Rd3 Rfc8 32. Ne3 Nd4 33. Rhd1 Nxc2+ 34. Nxc2 Rxc2 35. Qxd6+ Qxd6 36. Rxd6 Rxg2 0-1

[Event "EYCC 2017"]
[Site "Mamaia"]
[Date "2017.09.07"]
[Round "3"]
[White "Garcia Martin, Marta"]
[Black "Sucikova, Svetlana"]
[Result "1/2-1/2"]
[ECO "B12"]
[WhiteElo "2360"]
[BlackElo "2055"]
[Annotator "NA"]
[PlyCount "82"]
[EventDate "2017.??.??"]
[EventType "swiss"]
[EventCountry "ROU"]
[SourceTitle "playchess.com"]
[Source "ChessBase"]
[SourceQuality "1"]
[TimeControl "40/5400+30:1800+30"]

1. e4 c6 2. d4 d5 3. e5 Bf5 4. h4 Qb6 5. h5 h6 6. Nc3 e6 7. Nge2 Nd7 8. Na4 Qa5+ 9. c3 b5 10. Nc5 Bxc5 11. dxc5 b4 12. Bd2 Qxc5 13. Nd4 Ne7 14. Nb3 Qb6 15. cxb4 Nxe5 16. Bc3 Ng4 17. Qd2 e5 18. b5 c5 19. f3 Nf6 20. Bxe5 O-O 21. Be2 Nd7 22. Bf4 d4 23. g4 Bh7 24. Bc4 Rfe8 25. Kf2 Qf6 26. Na5 Nb6 27. Rae1 Ned5 28. Kg3 Re6 29. Bxd5 Nxd5 30. Nc4 Rae8 31. Rxe6 Rxe6 32. Rh2 Nxf4 33. Qxf4 Qxf4+ 34. Kxf4 Bd3 35. b3 Bxc4 36. bxc4 Re3 37. Rc2 Kf8 38. a4 Ke7 39. a5 Kd7 40. Rc1 Kd6 41. Rb1 Ra3 1/2-1/2

[Event "EYCC 2017"]
[Site "Mamaia"]
[Date "2017.09.07"]
[Round "3"]
[White "Suleymanli, Aydin"]
[Black "Hoffmann, Yair"]
[Result "1-0"]
[ECO "D12"]
[WhiteElo "2351"]
[BlackElo "2010"]
[Annotator "NA"]
[PlyCount "83"]
[EventDate "2017.??.??"]
[EventType "swiss"]
[EventCountry "ROU"]
[SourceTitle "playchess.com"]
[Source "ChessBase"]
[SourceQuality "1"]
[TimeControl "40/5400+30:1800+30"]

1. d4 d5 2. c4 c6 3. Nf3 Nf6 4. e3 Bf5 5. Nc3 e6 6. Bd3 Bxd3 7. Qxd3 Be7 8. O-O Nbd7 9. e4 dxe4 10. Nxe4 Nxe4 11. Qxe4 O-O 12. Bd2 Nf6 13. Qe2 Qb6 14. b4 Qc7 15. a4 a6 16. a5 Rad8 17. Bc3 Nd7 18. Rfe1 Rfe8 19. Rad1 Bf6 20. Rd3 Re7 21. Nd2 g6 22. Ne4 Bg7 23. g3 Nf6 24. Nd2 Ne8 25. f4 Nd6 26. g4 Red7 27. Qf1 Re7 28. Rf3 Ne8 29. Nb3 Nf6 30. h3 Ree8 31. Re2 Nd7 32. g5 f6 33. Qe1 Kf7 34. gxf6 Nxf6 35. Nc5 Qc8 36. Rfe3 Rd6 37. Qh4 Qb8 38. d5 exd5 39. Rxe8 Nxe8 40. Qe7+ Kg8 41. Nd7 Qc8 42. Bxg7 1-0

[Event "EYCC 2017"]
[Site "Mamaia"]
[Date "2017.09.07"]
[Round "3"]
[White "Bjerre, Jonas Buhl"]
[Black "Pedoson, Georg Aleksander"]
[Result "1-0"]
[ECO "B15"]
[WhiteElo "2348"]
[BlackElo "2021"]
[Annotator "NA"]
[PlyCount "91"]
[EventDate "2017.??.??"]
[EventType "swiss"]
[EventCountry "ROU"]
[SourceTitle "playchess.com"]
[Source "ChessBase"]
[SourceQuality "1"]
[TimeControl "40/5400+30:1800+30"]

1. e4 c6 2. d4 d5 3. Nc3 dxe4 4. Nxe4 Nf6 5. Nxf6+ exf6 6. c3 Bd6 7. Bd3 O-O 8. Qc2 Re8+ 9. Ne2 g6 10. h4 Be6 11. h5 f5 12. Bd2 Nd7 13. O-O-O Qf6 14. Kb1 b5 15. Nf4 Nb6 16. Rh3 Nd5 17. Qc1 b4 18. cxb4 Nxb4 19. Bxb4 Bxb4 20. hxg6 hxg6 21. Nxe6 Qxe6 22. Rdh1 Qf6 23. Bc4 f4 24. Bxf7+ Kxf7 25. Qc4+ Qe6 26. Qxb4 Rab8 27. Qc3 Qd5 28. Rh7+ Kf6 29. Rc7 Rb6 30. Rc1 Re6 31. a4 a5 32. Qc5 Rb4 33. Rxc6 Qe4+ 34. Qc2 Rxd4 35. Qxe4 Rdxe4 36. Rxe6+ Kxe6 37. b3 Kd5 38. Rd1+ Kc5 39. Kc2 Kb4 40. Rd2 g5 41. Kb2 Re1 42. Rc2 Re4 43. f3 Rd4 44. Ka2 g4 45. fxg4 f3 46. g5 1-0

[Event "EYCC 2017"]
[Site "Mamaia"]
[Date "2017.09.07"]
[Round "3"]
[White "Badelka, Olga"]
[Black "Zotova, Anastasia"]
[Result "1-0"]
[ECO "D80"]
[WhiteElo "2335"]
[BlackElo "2009"]
[Annotator "NA"]
[PlyCount "107"]
[EventDate "2017.??.??"]
[EventType "swiss"]
[EventCountry "ROU"]
[SourceTitle "playchess.com"]
[Source "ChessBase"]
[SourceQuality "1"]
[TimeControl "40/5400+30:1800+30"]

1. d4 Nf6 2. c4 g6 3. Nc3 d5 4. e3 Bg7 5. cxd5 Nxd5 6. Nxd5 Qxd5 7. Ne2 O-O 8. Nc3 Qd8 9. Be2 Nd7 10. O-O c5 11. d5 Nb6 12. e4 e6 13. Be3 Be5 14. dxe6 Bxe6 15. Bxc5 Qxd1 16. Rfxd1 Rfc8 17. Bd4 Bxd4 18. Rxd4 Nc4 19. Bxc4 Bxc4 20. f4 b5 21. a3 a5 22. Kf2 Rab8 23. Rc1 Rc6 24. Nd1 Rbc8 25. Ne3 Bb3 26. Rxc6 Rxc6 27. Ke2 Kf8 28. Kd2 Ke7 29. g4 Ke6 30. h4 Rc7 31. Rd8 f6 32. g5 fxg5 33. hxg5 Rf7 34. Ng2 Rc7 35. Ne1 Rc4 36. Nd3 Rc2+ 37. Ke3 Bc4 38. Nc5+ Kf7 39. Rd7+ Kg8 40. Rd2 Rc1 41. Nd7 Be6 42. Nf6+ Kg7 43. Rd6 Bc8 44. Rb6 Rc5 45. Kd4 Rc4+ 46. Kd5 Rc2 47. Rxb5 a4 48. Ke5 Rc6 49. Ra5 h5 50. f5 gxf5 51. exf5 h4 52. Ra7+ Kf8 53. g6 Rc5+ 54. Ke4 1-0

[Event "EYCC 2017"]
[Site "Mamaia"]
[Date "2017.09.07"]
[Round "3"]
[White "Schitco, Ivan"]
[Black "Hakobyan, Eduard"]
[Result "1-0"]
[ECO "A45"]
[WhiteElo "2325"]
[BlackElo "2178"]
[Annotator "NA"]
[PlyCount "61"]
[EventDate "2017.??.??"]
[EventType "swiss"]
[EventCountry "ROU"]
[SourceTitle "playchess.com"]
[Source "ChessBase"]
[SourceQuality "1"]
[TimeControl "40/5400+30:1800+30"]

1. d4 Nf6 2. Bf4 e6 3. e3 b6 4. Nf3 Bb7 5. Nbd2 c5 6. c3 Be7 7. h3 O-O 8. Bd3 d6 9. O-O Nbd7 10. Qe2 Re8 11. Bh2 Nf8 12. e4 Ng6 13. Rfd1 d5 14. e5 Nd7 15. Ne1 cxd4 16. cxd4 Nb8 17. f4 Nc6 18. Nc2 Bc8 19. g4 Nb4 20. Nxb4 Bxb4 21. Bg3 Be7 22. Nf3 Bd7 23. Kh2 Nf8 24. h4 h6 25. Rg1 g5 26. fxg5 hxg5 27. h5 Kg7 28. Rgf1 Nh7 29. Bxh7 Kxh7 30. Qd3+ Kg7 31. Nxg5 1-0

[Event "EYCC 2017"]
[Site "Mamaia"]
[Date "2017.09.07"]
[Round "3"]
[White "Kucuksari, Kaan"]
[Black "Ongut, Tamas Gunes"]
[Result "1/2-1/2"]
[ECO "A48"]
[WhiteElo "2319"]
[BlackElo "2113"]
[Annotator "NA"]
[PlyCount "116"]
[EventDate "2017.??.??"]
[EventType "swiss"]
[EventCountry "ROU"]
[SourceTitle "playchess.com"]
[Source "ChessBase"]
[SourceQuality "1"]
[TimeControl "40/5400+30:1800+30"]

1. d4 Nf6 2. Nf3 g6 3. c4 Bg7 4. Nc3 O-O 5. e4 d6 6. h3 e5 7. d5 a5 8. Bg5 Na6 9. Be2 Qe8 10. Nd2 Nc5 11. b3 h6 12. Be3 c6 13. a3 Bd7 14. b4 cxd5 15. exd5 Na4 16. Nce4 Nxe4 17. Nxe4 Qe7 18. b5 Qh4 19. Bf3 Nb2 20. Qe2 Nxc4 21. Qxc4 f5 22. Nxd6 Qxc4 23. Nxc4 e4 24. Rb1 exf3 25. gxf3 f4 26. Bb6 Rf5 27. d6 Re8+ 28. Kf1 Rxb5 29. Rxb5 Bxb5 30. Kg2 Re6 31. Rd1 Bxc4 32. d7 Bf6 33. d8=Q+ Bxd8 34. Rxd8+ Kf7 35. Bxa5 Bb5 36. Bb4 Re8 37. Rd6 Re6 38. Rd8 Re8 39. Rd6 Bc6 40. Bd2 g5 41. Bc3 Rg8 42. Rxh6 g4 43. Rf6+ Ke7 44. Rxf4 gxf3+ 45. Kf1 Rg2 46. Ke1 Rg6 47. Kd2 Re6 48. Bd4 Re2+ 49. Kc3 Kd6 50. Be3 Ra2 51. Rd4+ Ke6 52. Kb3 Ra1 53. Kb2 Rh1 54. h4 Kf5 55. Bg5 Rh2 56. Rd2 Be4 57. Kc3 Bc6 58. Kd4 Rh1 {[%emt 0:00:25] Ke5+ Kxe5} 1/2-1/2

[Event "EYCC 2017"]
[Site "Mamaia"]
[Date "2017.09.07"]
[Round "3"]
[White "Diakonova, Ekaterina"]
[Black "Gitu, Paula-Alexandra"]
[Result "1-0"]
[ECO "B01"]
[WhiteElo "2276"]
[BlackElo "1948"]
[Annotator "NA"]
[PlyCount "67"]
[EventDate "2017.??.??"]
[EventType "swiss"]
[EventCountry "ROU"]
[SourceTitle "playchess.com"]
[Source "ChessBase"]
[SourceQuality "1"]
[TimeControl "40/5400+30:1800+30"]

1. e4 d5 2. exd5 Qxd5 3. Nc3 Qd6 4. d4 Nf6 5. g3 c6 6. Bg2 Bf5 7. Nf3 e6 $14 {[%emt 0:01:45] LiveBook: 50 Games} 8. Bf4 Qd8 9. Nh4 Bg6 10. Nxg6 hxg6 11. Qd3 Nbd7 12. O-O-O Nb6 13. Kb1 Be7 14. Be5 Bd6 15. f4 Qd7 16. Ne4 Nxe4 17. Qxe4 Rg8 18. Bxd6 Qxd6 19. h4 O-O-O 20. c3 Nd5 21. Bf3 Kc7 22. Rhe1 Nb6 23. Qe2 Nd5 24. Qg2 Nb6 25. Kc2 a5 26. Qf1 a4 27. a3 Nd5 28. c4 Ne7 29. Qf2 Qd7 30. Kb1 Rge8 31. g4 b6 32. Qc2 Ra8 33. d5 Nc8 34. dxc6 1-0

[Event "EYCC 2017"]
[Site "Mamaia"]
[Date "2017.09.07"]
[Round "3"]
[White "Krstulovic, Alex"]
[Black "Mammadov, Sadig"]
[Result "1/2-1/2"]
[ECO "E97"]
[WhiteElo "2261"]
[BlackElo "2099"]
[Annotator "NA"]
[PlyCount "107"]
[EventDate "2017.??.??"]
[EventType "swiss"]
[EventCountry "ROU"]
[SourceTitle "playchess.com"]
[Source "ChessBase"]
[SourceQuality "1"]
[TimeControl "40/5400+30:1800+30"]

1. d4 Nf6 2. c4 g6 3. Nc3 Bg7 4. e4 d6 5. Nf3 O-O 6. Be2 e5 7. O-O Nc6 8. d5 Ne7 9. Bg5 Ne8 10. Nd2 h6 11. Be3 f5 12. f3 f4 13. Bf2 g5 14. c5 Ng6 15. Nc4 Rf7 16. cxd6 Nxd6 17. Rc1 h5 18. Nxd6 cxd6 19. Rc2 Bf8 20. Nb5 Bd7 21. Nc7 Rc8 22. Ne6 Bxe6 23. dxe6 Rfc7 24. Rxc7 Qxc7 25. Qb3 Be7 26. Bxa7 Kg7 27. Bf2 Nf8 28. h3 Kf6 29. Qd5 Nxe6 30. Bb5 Ng7 31. b3 Rf8 32. a4 Kg6 33. Bc4 Qc8 34. Rc1 Kh6 35. Qd1 Qb8 36. a5 Ne8 37. b4 Nf6 38. Bd5 Rc8 39. Rxc8 Qxc8 40. Bb6 g4 41. hxg4 hxg4 42. fxg4 Kg5 43. Kf2 Qc3 44. Bxb7 Nxg4+ 45. Ke2 Qxb4 46. Qd5 Qb2+ 47. Kd3 Qa3+ 48. Kc2 Ne3+ 49. Bxe3 fxe3 50. Qg8+ Kf6 51. Qh8+ Kf7 52. Qh7+ Kf6 53. Qh8+ Kf7 54. Bd5+ {Kf6 Bb7+ Kg5 Qg8+ Kf4 Qf7+ Kg3 Qa2 Qxa2+} 1/2-1/2

[Event "EYCC 2017"]
[Site "Mamaia"]
[Date "2017.09.07"]
[Round "3"]
[White "Antova, Gabriela"]
[Black "Louka, Magdalini"]
[Result "1/2-1/2"]
[ECO "E12"]
[WhiteElo "2256"]
[BlackElo "1814"]
[Annotator "NA"]
[PlyCount "109"]
[EventDate "2017.??.??"]
[EventType "swiss"]
[EventCountry "ROU"]
[SourceTitle "playchess.com"]
[Source "ChessBase"]
[SourceQuality "1"]
[TimeControl "40/5400+30:1800+30"]

1. d4 Nf6 2. Nf3 e6 3. c4 b6 4. a3 Ba6 5. Qc2 Bb7 6. Nc3 c5 7. e4 cxd4 8. Nxd4 Bc5 9. Nb3 Nc6 10. Bg5 O-O 11. Bd3 h6 12. Bh4 Rc8 13. O-O Be7 14. f4 d5 15. e5 Ng4 16. Bxe7 Nxe7 17. Qe2 dxc4 18. Bxc4 Rxc4 19. Qxc4 Ne3 20. Qe2 Nxf1 21. Rxf1 Nf5 22. Rd1 Qa8 23. Qf2 Bxg2 24. Qxg2 Qxg2+ 25. Kxg2 Ne3+ 26. Kf2 Nxd1+ 27. Nxd1 Rd8 28. Ke2 f6 29. Nf2 Kf7 30. Ke3 Rd5 31. Nd3 g5 32. fxg5 hxg5 33. exf6 Kxf6 34. Nd2 Rd8 35. Ne4+ Kf5 36. Ndf2 Rh8 37. Ng3+ Kg6 38. Ng4 Rc8 39. Ne5+ Kf6 40. Nd3 Rc2 41. h3 Rc7 42. Ne4+ Kg6 43. Ne5+ Kf5 44. Nf3 Rc1 45. Nd4+ Kg6 46. Nxe6 Rb1 47. b4 Rb3+ 48. Kd4 Rxh3 49. N6xg5 Rxa3 50. Ne6 Rb3 51. Nf4+ Kf5 52. Nd3 a5 53. bxa5 bxa5 54. Nc3 Rxc3 55. Kxc3 {[%emt 0:00:02] Ke5} 1/2-1/2

[Event "EYCC 2017"]
[Site "Mamaia"]
[Date "2017.09.07"]
[Round "3"]
[White "Sevgi, Volkan"]
[Black "Tica, Sven"]
[Result "1/2-1/2"]
[ECO "B12"]
[WhiteElo "2240"]
[BlackElo "2389"]
[Annotator "NA"]
[PlyCount "40"]
[EventDate "2017.??.??"]
[EventType "swiss"]
[EventCountry "ROU"]
[SourceTitle "playchess.com"]
[Source "ChessBase"]
[SourceQuality "1"]
[TimeControl "40/5400+30:1800+30"]

1. e4 c6 2. d4 d5 3. e5 Bf5 4. Nf3 e6 5. Be2 c5 6. Be3 cxd4 7. Nxd4 Ne7 8. c4 Nbc6 9. Qa4 a6 10. Nc3 dxc4 11. O-O-O Qc8 12. Bf3 Bd3 13. Nxc6 Nxc6 14. Bxc6+ Qxc6 15. Qxc6+ bxc6 16. Na4 Rd8 17. Nc5 Rd5 18. Nxd3 cxd3 19. Kb1 Be7 20. Rc1 Kd7 1/2-1/2

[Event "EYCC 2017"]
[Site "Mamaia"]
[Date "2017.09.07"]
[Round "3"]
[White "Haring, Filip"]
[Black "Henderson de La Fuente, Lance"]
[Result "0-1"]
[ECO "B85"]
[WhiteElo "2232"]
[BlackElo "2408"]
[Annotator "ChessBase"]
[PlyCount "120"]
[EventDate "2017.??.??"]
[EventType "swiss"]
[EventCountry "ROU"]
[SourceTitle "playchess.com"]
[Source "ChessBase"]
[SourceQuality "1"]
[TimeControl "40/5400+30:1800+30"]

1. e4 c5 2. Nf3 e6 3. d4 cxd4 4. Nxd4 Nc6 5. Nc3 Qc7 6. Be2 a6 7. O-O Nf6 8. Be3 Be7 9. f4 d6 10. Qe1 O-O 11. Qg3 Nxd4 12. Bxd4 b5 13. a3 Bb7 14. Kh1 Rad8 15. Bd3 Rd7 16. Rae1 Re8 17. Qh3 e5 18. fxe5 dxe5 19. Nd5 Bxd5 20. exd5 Rxd5 21. Bc3 g6 22. Qg3 Bd8 23. Re2 Qd6 24. Bb4 Qd7 25. Bc3 e4 26. Bxf6 exd3 27. Rxe8+ Qxe8 28. cxd3 Bxf6 29. Rxf6 Rg5 30. Qf2 Re5 31. h3 Re2 32. Qf4 Qa8 33. Qf1 Rxb2 34. Rxf7 Qxg2+ 35. Qxg2 Rxg2 36. Rf6 Ra2 37. Rxa6 b4 38. Rb6 bxa3 39. Ra6 Kf7 40. Kg1 Ke7 41. d4 g5 42. d5 Kd7 43. Kh1 h6 44. Kg1 h5 45. Kh1 g4 46. h4 Ke7 47. Re6+ Kf7 48. Re3 Ra1+ 49. Kg2 a2 50. Ra3 Kf6 51. d6 Ke6 52. Ra6 Kd7 53. Kh2 Rd1 54. Rxa2 Rd3 55. Ra7+ Kxd6 56. Ra6+ Ke5 57. Ra5+ Kf4 58. Rxh5 Rd2+ 59. Kg1 Kg3 60. Kf1 Kh2 0-1

[Event "EYCC 2017"]
[Site "Mamaia"]
[Date "2017.09.07"]
[Round "3"]
[White "Sliwicka, Alicja"]
[Black "Koehler, Inken"]
[Result "1-0"]
[ECO "C10"]
[WhiteElo "2230"]
[BlackElo "1893"]
[Annotator "NA"]
[PlyCount "69"]
[EventDate "2017.??.??"]
[EventType "swiss"]
[EventCountry "ROU"]
[SourceTitle "playchess.com"]
[Source "ChessBase"]
[SourceQuality "1"]
[TimeControl "40/5400+30:1800+30"]

1. e4 e6 2. d4 d5 3. Nc3 dxe4 4. Nxe4 Nd7 5. Nf3 Ngf6 6. Nxf6+ Nxf6 7. Bd3 c5 8. O-O cxd4 9. Nxd4 Be7 10. c3 O-O 11. a4 Nd5 12. Qe2 Bf6 13. Qe4 g6 14. Bh6 Re8 15. Rfd1 Bd7 16. a5 Qc7 17. Qf3 Bh8 18. Be4 Bc6 19. Nxc6 bxc6 20. c4 f5 21. Bxd5 cxd5 22. cxd5 Bxb2 23. Rab1 Be5 24. dxe6 Rad8 25. Rxd8 Rxd8 26. Bg5 Re8 27. Qd5 Qd6 28. Qxd6 Bxd6 29. Be3 Re7 30. g3 Kf8 31. a6 Rxe6 32. Bxa7 Bc7 33. Bc5+ Ke8 34. a7 Ra6 35. Rb8+ 1-0

[Event "EYCC 2017"]
[Site "Mamaia"]
[Date "2017.09.07"]
[Round "3"]
[White "Ileana, George"]
[Black "Salemgareev, Tagir"]
[Result "0-1"]
[ECO "B94"]
[WhiteElo "2219"]
[BlackElo "2354"]
[Annotator "NA"]
[PlyCount "84"]
[EventDate "2017.??.??"]
[EventType "swiss"]
[EventCountry "ROU"]
[SourceTitle "playchess.com"]
[Source "ChessBase"]
[SourceQuality "1"]
[TimeControl "40/5400+30:1800+30"]

1. e4 c5 2. Nf3 d6 3. d4 cxd4 4. Nxd4 Nf6 5. Nc3 a6 6. Bg5 Nbd7 7. Qe2 h6 8. Bh4 g6 9. O-O-O e5 10. Nb3 b5 11. Nd5 Bg7 12. Nxf6+ Nxf6 13. Qd3 Ra7 14. f3 Rd7 15. Bxf6 Qxf6 16. g3 O-O 17. Kb1 d5 18. exd5 e4 19. Qc3 Qxc3 20. bxc3 exf3 21. c4 Rfd8 22. cxb5 axb5 23. Bxb5 Rxd5 24. Rxd5 Rxd5 25. Bd3 Bf5 26. Bxf5 Rxf5 27. a4 Bc3 28. Rf1 g5 29. g4 Rf4 30. a5 h5 31. a6 hxg4 32. Nc5 Rb4+ 33. Ka2 Rb2+ 34. Ka3 Rb5 35. Nd3 Ra5+ 36. Kb3 Bg7 37. c4 Rxa6 38. c5 f5 39. Nb4 Ra8 40. Nd5 Kf7 41. h3 gxh3 42. Rxf3 h2 0-1

[Event "EYCC 2017"]
[Site "Mamaia"]
[Date "2017.09.07"]
[Round "3"]
[White "Antolak, Julia"]
[Black "Gueci, Tea"]
[Result "0-1"]
[ECO "B97"]
[WhiteElo "2212"]
[BlackElo "2181"]
[Annotator "NA"]
[PlyCount "129"]
[EventDate "2017.??.??"]
[EventType "swiss"]
[EventCountry "ROU"]
[SourceTitle "playchess.com"]
[Source "ChessBase"]
[SourceQuality "1"]
[TimeControl "40/5400+30:1800+30"]

1. e4 c5 2. Nf3 d6 3. d4 cxd4 4. Nxd4 Nf6 5. Nc3 a6 6. Bg5 e6 7. f4 Qb6 8. Qd3 Qxb2 9. Rb1 Qa3 10. Bxf6 gxf6 11. f5 Nc6 12. fxe6 fxe6 13. Nxc6 bxc6 14. e5 dxe5 15. Be2 Bb4 16. Bh5+ Ke7 17. Rb3 Qc1+ 18. Bd1 Qf4 19. Rf1 Qh4+ 20. g3 Bxc3+ 21. Rxc3 Qd4 22. Rxc6 Qxd3 23. cxd3 Bd7 24. Rc3 Rac8 25. Ra3 Bb5 26. Ba4 Rc1+ 27. Ke2 Rxf1 28. Kxf1 Rd8 29. Bxb5 axb5 30. Ke2 f5 31. Ra5 Rd5 32. Ke3 h5 33. h4 Kf6 34. Ra8 e4 35. dxe4 Re5 36. Kf3 Rxe4 37. Ra5 Rb4 38. Ra6 Ke5 39. Ra5 Kf6 40. Ra6 Ke5 41. Ra5 Kd6 42. Ra6+ Kd5 43. Ra5 Kc5 44. Ra6 Re4 45. Ra8 Ra4 46. Rc8+ Kd6 47. Rc2 e5 48. Rd2+ Rd4 49. Rb2 b4 50. Rb3 Rc4 51. Ke2 e4 52. a3 Rc3 53. Rxb4 Rxg3 54. Rb5 Ke6 55. a4 Rd3 56. a5 Rd5 57. Rb6+ Ke5 58. a6 Kf4 59. Rb8 Ra5 60. Ra8 Ra2+ 61. Kd1 e3 62. Kc1 e2 63. Re8 Kf3 64. Re5 f4 65. Re4 0-1

[Event "EYCC 2017"]
[Site "Mamaia"]
[Date "2017.09.07"]
[Round "3"]
[White "Katopodis, Dimitrios"]
[Black "Zachary, Matheo"]
[Result "1/2-1/2"]
[ECO "D12"]
[WhiteElo "2210"]
[BlackElo "2325"]
[Annotator "NA"]
[PlyCount "81"]
[EventDate "2017.??.??"]
[EventType "swiss"]
[EventCountry "ROU"]
[SourceTitle "playchess.com"]
[Source "ChessBase"]
[SourceQuality "1"]
[TimeControl "40/5400+30:1800+30"]

1. d4 d5 2. Nf3 Nf6 3. c4 c6 4. e3 Bf5 5. Nc3 e6 6. Nh4 Be4 7. f3 Bg6 8. Qb3 b5 9. c5 a5 10. Nxg6 hxg6 11. g3 Nbd7 12. Bd2 Qc7 13. O-O-O Be7 14. Be2 e5 15. Be1 Qa7 16. Qc2 Qb8 17. Bd3 Bd8 18. f4 e4 19. Be2 Bc7 20. Kb1 Nf8 21. h3 Qc8 22. g4 Qd7 23. Bf2 Ng8 24. Rdg1 Ne7 25. h4 Ne6 26. Qd1 a4 27. a3 Ba5 28. Na2 Qb7 29. Be1 Bxe1 30. Qxe1 O-O-O 31. Qf2 Rh6 32. Rh2 Rdh8 33. Rgh1 Qc7 34. Nb4 Kb7 35. Qf1 Qd7 36. Qf2 Nc7 37. Kc2 f6 38. Kc1 R6h7 39. Kc2 Rh6 40. Kb1 R6h7 41. Qg3 1/2-1/2

[Event "EYCC 2017"]
[Site "Mamaia"]
[Date "2017.09.07"]
[Round "3"]
[White "Antonica, Dragos-Andrei"]
[Black "Mitusov, Semen"]
[Result "1-0"]
[ECO "D02"]
[WhiteElo "2188"]
[BlackElo "1917"]
[Annotator "NA"]
[PlyCount "97"]
[EventDate "2017.??.??"]
[EventType "swiss"]
[EventCountry "ROU"]
[SourceTitle "playchess.com"]
[Source "ChessBase"]
[SourceQuality "1"]
[TimeControl "40/5400+30:1800+30"]

1. d4 d5 2. Nf3 Bf5 3. c4 e6 4. Nc3 c6 5. Bf4 Bd6 6. Bg3 Bxg3 7. hxg3 h6 8. e3 Nd7 9. cxd5 exd5 10. Nh4 Bh7 11. Bd3 Bxd3 12. Qxd3 Ngf6 13. Nf5 O-O 14. O-O g6 15. Nh4 Kg7 16. b4 Re8 17. b5 Ne4 18. bxc6 bxc6 19. Rfc1 Qf6 20. Nf3 g5 21. Qc2 Rac8 22. Rab1 Nf8 23. Nxe4 dxe4 24. Ne5 Ng6 25. Nd7 Qf5 26. Nc5 g4 27. Rb7 h5 28. Rcb1 h4 29. Rxa7 h3 30. Rbb7 Nh8 31. Nd7 hxg2 32. Ne5 Rf8 33. Qe2 c5 34. Qxg4+ Qxg4 35. Nxg4 c4 36. Rb2 Ng6 37. Rc2 Rh8 38. Kxg2 Rh5 39. Ra4 f5 40. Ra7+ Kf8 41. Nf6 Rh6 42. Nd7+ Kg8 43. Ra4 Kf7 44. Rcxc4 Rch8 45. Ra7 Rh1 46. Ne5+ Kg8 47. Rc8+ Nf8 48. Rxf8+ Kxf8 49. Ng6+ 1-0

[Event "EYCC 2017"]
[Site "Mamaia"]
[Date "2017.09.07"]
[Round "3"]
[White "Ognean, Mihnea-Ionut"]
[Black "Van Dael, Siem"]
[Result "1-0"]
[ECO "C50"]
[WhiteElo "2166"]
[BlackElo "2319"]
[Annotator "NA"]
[PlyCount "83"]
[EventDate "2017.??.??"]
[EventType "swiss"]
[EventCountry "ROU"]
[SourceTitle "playchess.com"]
[Source "ChessBase"]
[SourceQuality "1"]
[TimeControl "40/5400+30:1800+30"]

1. e4 e5 2. Nf3 Nc6 3. Bc4 Nf6 4. d3 Bc5 5. c3 d6 6. O-O a6 7. Bb3 Ba7 8. Nbd2 O-O 9. h3 Re8 10. Re1 Be6 11. Nf1 h6 12. Ng3 d5 13. exd5 Nxd5 14. Bc2 Qd6 15. Nh4 Rad8 16. Nhf5 Bxf5 17. Nxf5 Qf6 18. Qf3 Kf8 19. Bd2 Nde7 20. Nxe7 Qxf3 21. Ng6+ fxg6 22. gxf3 g5 23. Re4 Re7 24. Rae1 Rd6 25. Be3 Bb6 26. Kg2 Kf7 27. b4 Kf6 28. a4 Nb8 29. a5 Bxe3 30. fxe3 Rc6 31. c4 b5 32. c5 Rd7 33. d4 Re6 34. Bb3 Ree7 35. d5 c6 36. d6 Re8 37. f4 Rdd8 38. fxe5+ Kf5 39. Bc2 Ke6 40. Rf1 Kd5 41. e6 Rxe6 42. Rd1# 1-0

[Event "EYCC 2017"]
[Site "Mamaia"]
[Date "2017.09.07"]
[Round "3"]
[White "Olde, Margareth"]
[Black "Jorge, Rita Maria Osorio"]
[Result "1/2-1/2"]
[ECO "E06"]
[WhiteElo "2161"]
[BlackElo "1923"]
[Annotator "ChessBase"]
[PlyCount "122"]
[EventDate "2017.??.??"]
[EventType "swiss"]
[EventCountry "ROU"]
[SourceTitle "playchess.com"]
[Source "ChessBase"]
[SourceQuality "1"]
[TimeControl "40/5400+30:1800+30"]

1. d4 d5 2. c4 e6 3. Nf3 Nf6 4. g3 Be7 5. Bg2 O-O 6. O-O dxc4 7. Qc2 a6 8. a4 Bd7 9. Qxc4 Bc6 10. Bg5 Bd5 11. Qd3 c5 12. Nc3 Bc6 13. dxc5 Qxd3 14. exd3 Bxc5 15. d4 Ba7 16. Rfd1 Nd5 17. Ne4 h6 18. Bd2 Nd7 19. b3 N5f6 20. Nd6 Ne4 21. Bb4 Nxd6 22. Bxd6 Rfd8 23. Rac1 Rac8 24. Rd3 Nf6 25. Be7 Rd7 26. Bc5 Bxc5 27. Rxc5 Rdd8 28. h3 Ne4 29. Rc2 Bd5 30. Re2 Rc1+ 31. Kh2 Rdc8 32. Ne5 R1c2 33. Rde3 Nxf2 34. Nc4 Rxe2 35. Rxe2 Bxg2 36. Kxg2 Nd3 37. Rd2 Nb4 38. a5 Kf8 39. Kf3 Ke7 40. g4 Rc7 41. Ke4 Rd7 42. Nb6 Rd8 43. Rd1 Nd5 44. Rc1 Nf6+ 45. Ke5 Nd7+ 46. Ke4 Nxb6 47. axb6 Kd6 48. Rc7 Rd7 49. Rc8 g6 50. h4 f5+ 51. gxf5 gxf5+ 52. Kd3 Rg7 53. Rh8 Rg6 54. h5 Rf6 55. Rc8 Rf7 56. Ke3 Rh7 57. b4 Rf7 58. Rh8 Rf6 59. Rc8 Rf7 60. Rh8 Rf6 61. Rc8 Rf7 1/2-1/2

[Event "EYCC 2017"]
[Site "Mamaia"]
[Date "2017.09.07"]
[Round "3"]
[White "Makarian, Rudik"]
[Black "Avalyan, Artur"]
[Result "1-0"]
[ECO "E47"]
[WhiteElo "2146"]
[BlackElo "2277"]
[Annotator "NA"]
[PlyCount "47"]
[EventDate "2017.??.??"]
[EventType "swiss"]
[EventCountry "ROU"]
[SourceTitle "playchess.com"]
[Source "ChessBase"]
[SourceQuality "1"]
[TimeControl "40/5400+30:1800+30"]

1. d4 Nf6 2. c4 e6 3. Nc3 Bb4 4. e3 O-O 5. Bd3 c5 6. Nf3 d5 7. O-O cxd4 8. exd4 dxc4 9. Bxc4 b6 10. Bg5 Bb7 11. Qe2 Bxc3 12. bxc3 Nbd7 13. Ne5 Rc8 14. Rac1 Nxe5 15. dxe5 Rc5 16. f4 Rxc4 17. exf6 Qd5 18. fxg7 Kxg7 19. Be7 Rfc8 20. Qg4+ Kh6 21. Rf3 Rxc3 22. Qg5+ Qxg5 23. fxg5+ Kg6 24. Rfxc3 1-0